 Dungeon Crawl Stone Soup version 0.28.0-45-g0d030f2227 (webtiles) character file.

Game seed: 16078433759100740817

191 Fartwhistle the Changer (level 5, -4/44 HPs)
             Began as a Naga Transmuter on May 18, 2022.
             Slain by a wight
             ... wielding a +4 battleaxe
              (21 damage)
             ... on level 4 of the Dungeon.
             The game lasted 00:09:05 (4598 turns).

Fartwhistle the Changer (Naga Transmuter)           Turns: 4598, Time: 00:09:06

Health: -4/44      AC:  2    Str: 13    XL:     5   Next: 70%
Magic:  5/8        EV: 19    Int: 15    God:
Gold:   157        SH:  0    Dex: 16    Spells: 2/8 levels left

rFire   . . .      SeeInvis +     - Unarmed
rCold   . . .      Faith    .   (shield currently unavailable)
rNeg    . . .      Spirit   .   (armour currently unavailable)
rPois   x          Reflect  .   (helmet currently unavailable)
rElec   .          Harm     .   (cloak currently unavailable)
rCorr   .          Rampage  .   (gloves currently unavailable)
Will    .....                   (no barding)
Stlth   +.........              (no amulet)
HPRegen 0.14/turn               (no ring)
MPRegen 0.11/turn               (no ring)

@: spider-form (expiring)
A: venomous fangs, AC +1, tiny, see invisible, (deformed body), (poison
resistance), (slowness 2), spit poison 1, (naga tail 1)
a: Spit Poison, End Transformation


You were on level 4 of the Dungeon.
You were a venomous arachnid creature.
You visited 1 branch of the dungeon, and saw 4 of its levels.

You collected 157 gold pieces.

Inventory:

Armour
 d - +0 storm dragon scales
 l - a +1 helmet (melded)
 m - a +1 leather armour of cold resistance (melded)
Jewellery
 k - an amulet of reflection
Wands
 a - a wand of charming (8)
 j - a wand of acid (6)
Scrolls
 c - a scroll of fear {unknown}
 g - a scroll of fog
Potions
 b - a potion of invisibility
 e - a potion of attraction {unknown}
 f - 2 potions of resistance
 h - a potion of berserk rage {unknown}
 i - a potion of might {unknown}
 n - a potion of degeneration {unknown}


   Skills:
 - Level 1.3 Fighting
 + Level 1.0 Armour
 - Level 1.7 Dodging
 - Level 3.1 Unarmed Combat
 - Level 2.1 Spellcasting
 + Level 1.2 Translocations
 * Level 4.8 Transmutations


You had 2 spell levels left.
You knew the following spells:

 Your Spells              Type           Power      Damage    Failure   Level
a - Beastly Appendage     Tmut           32%        N/A       11%         1
b - Spider Form           Tmut/Pois      8%         N/A       45%         3
c - Blink                 Tloc           10%        N/A       41%         2

Your spell library contained the following spells:

 Spells                   Type           Power      Damage    Failure   Level
 Wereblood                Tmut           16%        N/A       14%         2
 Passwall                 Tmut/Erth      6%         N/A       28%         2
 Ensorcelled Hibernation  Hex/Ice        2%         N/A       54%         2
 Lesser Beckoning         Tloc           5%         N/A       58%         3
 Swiftness                Air            1%         N/A       75%         3
 Ice Form                 Ice/Tmut       8%         N/A       82%         4
 Manifold Assault         Tloc           5%         N/A       99%         5


Dungeon Overview and Level Annotations

Branches:
Dungeon (4/15)
 Temple: D:4-7

Altars:
Kikubaaqudgha

Shops:
D:1 ((::(


Innate Abilities, Weirdness & Mutations

You are a venomous arachnid creature.
You have poisonous fangs.
You are tiny and dextrous.
Your spellcasting is less reliable in this form.
Your armour is entirely melded.
You are incapable of wielding weapons or throwing items.
((Your serpentine skin is tough. (AC +1)))
You have supernaturally acute eyesight. (SInv)
((Armour fits poorly on your strangely shaped body.))
((Your system is resistant to poisons. (rPois)))
((You cover ground very slowly.))
You can spit poison.
((You have a snake-like lower body.))


Message History

There is an open door here.
You open the door.
There is an open door here.
There is an open door here.
You open the door.
There is an open door here.
You open the door.
A hobgoblin and a wight come into view.
Found a book of the Dragon.
The hobgoblin shouts!
A wight comes into view. It is wielding a +3 dagger.
A wight comes into view. It is wielding a +3 spear.
There is an open door here.
Casting: Beastly Appendage (safe; 3% risk of failure)
Confirm with . or Enter, or press ? or * to list all spells.
The spell is quite dangerous to miscast (30% risk of failure)!
Continue anyway?
You turn into a venomous arachnid creature.
Your +1 helmet melds into your body.
Your +1 leather armour of cold resistance melds into your body.
You feel less resistant to cold.
You hit the hobgoblin but do no damage.
The hobgoblin is poisoned.
You hit the hobgoblin.
You kill the hobgoblin!
You hit the wight.
The wight is lightly damaged.
The wight completely misses you.
You hit the wight.
The wight is lightly damaged.
The wight completely misses you.
You hit the wight.
The wight is heavily damaged.
Your transformation is almost over.
The wight hits you with a +4 battleaxe!
You hit the wight but do no damage.
The wight is heavily damaged.
The wight hits you with a +4 battleaxe!
You hit the wight.
The wight is heavily damaged.
The wight hits you with a +4 battleaxe!!
You die...

#######################
#......zzs............#
#'###################.#
#.....:.....
##########.#
#...........
.........#.#
.............
########.#.#
...............
######'#'##
.....z...g.....
#.........#
.....z.........
#.........#
..z............
#.........###


You could see 2 wights.

Vanquished Creatures
  Jessica (D:3)
  A bullfrog skeleton (D:2)
  2 orc wizards (D:4)
  Robin (D:2)
  An adder (D:2)
  2 dart slugs (D:2)
  4 orcs
  7 endoplasms
  2 giant cockroaches (D:2)
  11 goblins
  7 hobgoblins
  3 quokkas (D:2)
  9 ball pythons
  3 bats
  5 kobolds (D:2)
  3 rats
62 creatures vanquished.

Notes
Turn   | Place    | Note
-------+----------+-------------------------------------------
     0 | D:1      | Fartwhistle the Naga Transmuter began the quest for the
                  | Orb.
     0 | D:1      | Reached XP level 1. HP: 18/18 MP: 3/3
    23 | D:1      | Found Fafashuo's Book Shoppe.
    33 | D:1      | Found Gestry's Book Shop.
   288 | D:1      | Found Eles's Weapon Boutique.
   483 | D:1      | Found Atotiucs's Weapon Emporium.
   486 | D:1      | Found Gozel's Antique Weapon Emporium.
   581 | D:1      | Reached XP level 2. HP: 17/25 MP: 5/5
  1142 | D:2      | Reached XP level 3. HP: 18/31 MP: 4/6
  1227 | D:2      | Reached skill level 3 in Transmutations
  1236 | D:2      | Learned a level 3 spell: Spider Form
  1314 | D:2      | Reached XP level 4. HP: 22/38 MP: 5/7
  1892 | D:2      | Reached skill level 4 in Transmutations
  2350 | D:2      | Noticed Robin
  3211 | D:2      | Killed Robin
  3384 | D:3      | Learned a level 2 spell: Blink
  3422 | D:3      | Found an ancient bone altar of Kikubaaqudgha.
  3810 | D:3      | Noticed Jessica
  3813 | D:3      | Killed Jessica
  3814 | D:3      | Reached XP level 5. HP: 37/44 MP: 8/8
  3871 | D:3      | Noticed a shining eye
  3873 | D:3      | Found a faded altar of an unknown god.
  3875 | D:3      | Noticed a golden eye
  3875 | D:3      | Noticed a golden eye
  3875 | D:3      | Noticed an eye of devastation
  4322 | D:4      | Reached skill level 1 in Translocations
  4327 | D:4      | Reached skill level 1 in Armour
  4598 | D:4      | Slain by a wight

Illustrated notes

Levels and vault maps discovered:
D:1:      sevenhm_arrival_forest_fort_small_4, layout_basic, serial_shops,
          nicolae_shop_bloodbath_and_beyond, shop, nicolae_shop_crystal,
          nicolae_diamond_shop, nicolae_diamond_shop
D:2:      layout_basic, minmay_octomino_j4, uniq_robin
D:3:      layout_loops_ring, kiku_gazebo_pond_becter,
          hellmonk_ecumenical_altar_watching_god, uniq_jessica
D:4:      layout_basic, minmay_temple_entry_proselytizer

Skill      XL: |  1  2  3  4  5 |
---------------+----------------+-----
Transmutations | 3 4 |  4.8
Translocations | 1 |  1.2
Armour         | 1 |  1.0
Fighting       | |  1.3
Dodging        | |  1.7
Unarmed Combat | |  3.1
Spellcasting   | |  2.1

Action                   |  1- 3 |  4- 6 || total
-------------------------+-------+-------++-------
Melee: Unarmed           |    41 |   112 ||   153
       Punch             |     2 |     3 ||     5
       Headbutt          |     1 |     3 ||     4
 Cast: Beastly Appendage |     4 |     6 ||    10
       Spider Form       |       |     4 ||     4
 Abil: Spit Poison       |    16 |    18 ||    34
  Use: Scroll            |       |     3 ||     3
       Potion            |       |     1 ||     1
 Stab: Confused          |       |     1 ||     1
Armor: Robe              |    10 |    12 ||    22
       Skin              |       |     1 ||     1
       Leather armour    |       |     4 ||     4
Dodge: Dodged            |    30 |    52 ||    82
